 Dungeon Crawl Stone Soup version 0.32-a0-999-gfa1cc04b1d (webtiles) character file.

Game seed: 10345428264666429229

351 Fodor the Covered (level 6, -4/53 HPs)
             Began as a Minotaur Fighter on Apr 24, 2024.
             Was an Initiate of Gozag.
             Shot with an arrow by a centaur (11 damage)
             ... on level 4 of the Dungeon.
             The game lasted 00:09:08 (3098 turns).

Fodor the Covered (Minotaur Fighter)                Turns: 3098, Time: 00:09:09

Health: -4/53      AC:  9    Str: 22    XL:     6   Next: 34%
Magic:  5/5        EV:  7    Int:  5    God:    Gozag
Gold:   222        SH:  0    Dex: 10    Spells: 5/5 levels left

rFire   . . .        w - +0 war axe
rCold   . . .        (no shield)
rNeg    . . .        o - +0 chain mail
rPois   +            (helmet restricted)
rElec   .            (no cloak)
rCorr   .            (no gloves)
SInv    .            (no boots)
Will    .....        (no amulet) Stlth
                     r - ring of poison resistance
HPRegen 0.28/turn    (no ring)
MPRegen 0.09/turn

%: no passive effects
@: lethally poisoned (-4 -> -10)
A: horns 2, retaliatory headbutt
a: Renounce Religion, Potion Petition, Call Merchant, Bribe Branch


You were on level 4 of the Dungeon.
You worshipped Gozag.
Gozag was aware of your devotion.
You visited 1 branch of the dungeon, and saw 4 of its levels.

You collected 260 gold pieces.
You paid 38 gold pieces to Gozag.

Inventory:

Hand Weapons
 p - a +2 heavy triple crossbow
 w - a +0 war axe (weapon)
Missiles
 i - 5 poisoned darts (quivered)
Armour
 c - a +0 buckler
 o - a +0 chain mail (worn)
Jewellery
 q - a +5 ring of evasion
 r - a ring of poison resistance (left hand)
Talismans
 g - a blade talisman
Scrolls
 e - 5 scrolls of teleportation {unknown}
 f - a scroll of immolation {unknown}
 h - a scroll of fear {unknown}
 n - a scroll of revelation {unknown}
 t - a scroll of poison {unknown}
 u - a scroll of identify {unknown}
Potions
 b - a potion of lignification {unknown}
 d - 2 potions of might
 j - a potion of curing {unknown}
 k - a potion of heal wounds {unknown}
 l - 2 potions of attraction {unknown}
 m - a potion of berserk rage {unknown}
 s - a potion of ambrosia {unknown}


   Skills:
 + Level 4.5 Fighting
 + Level 4.2 Axes
 + Level 2.6 Ranged Weapons
 + Level 2.9 Throwing
 + Level 4.7 Armour
 + Level 0.6 Dodging
 + Level 0.2 Stealth
 + Level 4.1 Shields


You had 5 spell levels left.
You didn't know any spells.
Your spell library contained the following spells:

 Spells                   Type           Power      Damage    Failure   Level
 Ensorcelled Hibernation  Hex/Ice        0%         N/A       99%         2
 Fugue of the Fallen      Necr           0%         N/A       100%        3
 Anguish                  Hex/Necr       0%         N/A       100%        4


Dungeon Overview and Level Annotations

Branches:
Dungeon (4/15)
 Temple: D:4-7

Altars:
Cheibriados
Gozag
Kikubaaqudgha
Okawaru
Sif Muna
Trog
Vehumet
Wu Jian
The Shining One

Shops:
D:1 (


Innate Abilities, Weirdness & Mutations

You have a pair of horns on your head.
You reflexively headbutt those who attack you in melee.


Message History

The arrow hits you.
A scorpion comes into view.
The centaur shoots an arrow.
The arrow hits you but does no damage.
An endoplasm comes into view.
The centaur shoots an arrow.
The arrow hits you.
You shoot a bolt. The bolt closely misses the scorpion.
The endoplasm quivers.
The bolt hits the centaur!
The centaur is moderately wounded.
The centaur shoots an arrow.
The arrow hits you!
The centaur shoots an arrow.
The arrow barely misses you.
You shoot a bolt.
The bolt hits the scorpion but does no damage.
The centaur shoots an arrow.
The arrow hits you.
The centaur shoots an arrow.
The arrow hits you.
The scorpion stings you but does no damage.
The centaur shoots an arrow.
The arrow barely misses you. The scorpion stings you. x2
You are poisoned.
The scorpion poisons you!
w - a +0 war axe (weapon)
You feel sick.
The endoplasm hits you but does no damage.
The scorpion stings you.
You hit the scorpion.
The scorpion is moderately wounded.
You barely miss the endoplasm.
You feel very sick.
The scorpion stings you but does no damage.
The centaur shoots an arrow.
The arrow completely misses you. The endoplasm freezes you.
You are frozen.
* * * LOW HITPOINT WARNING * * *
You closely miss the scorpion.
The scorpion is moderately wounded.
You hit the endoplasm.
* * * LOW HITPOINT WARNING * * *
You feel sick.
The centaur shoots an arrow.
The arrow hits you!
You die...
Your body crumbles into a pile of gold.

........# ........'
........#
........#######...
.................
................#
.....cJs........########
.......@# #..........#
........#####......<...#
.......................#
###########............#
#...........[#
#............#
#............#
#...###.###### #...# #.#
#


You could see a centaur, a scorpion and an endoplasm.

Vanquished Creatures
  A black bear (D:3)
  A scorpion (D:4)
  A bombardier beetle (D:3)
  An orc priest (D:4)
  An iguana (D:4)
  A sleepcap (D:4)
  Robin (D:2)
  A gnoll (D:1)
  An adder (D:3)
  A dart slug (D:2)
  5 orcs
  2 bats
  8 endoplasms
  9 goblins
  10 hobgoblins
  6 kobolds
  3 quokkas
  2 ball pythons
  3 frilled lizards
  A rat (D:3)
59 creatures vanquished.

Notes
Turn   | Place    | Note
-------+----------+-------------------------------------------
     0 | D:1      | Fodor the Minotaur Fighter began the quest for the Orb.
     0 | D:1      | Reached XP level 1. HP: 19/19 MP: 0/0
    38 | D:1      | Reached XP level 2. HP: 20/27 MP: 1/1
   464 | D:1      | Found Hoenn's Weapon Shop.
  1072 | D:2      | Noticed Robin
  1077 | D:2      | Reached XP level 3. HP: 28/33 MP: 2/2
  1080 | D:2      | Killed Robin
  1516 | D:2      | Found a faded altar of an unknown god.
  2253 | D:3      | Reached skill level 1 in Throwing
  2262 | D:3      | Reached XP level 4. HP: 41/41 MP: 3/3
  2414 | D:3      | Found an opulent altar of Gozag.
  2425 | D:3      | Became a worshipper of Gozag Ym Sagoz the Greedy
  2614 | D:3      | Noticed a black bear
  2615 | D:3      | Killed a black bear
  2616 | D:3      | Reached XP level 5. HP: 47/47 MP: 4/4
  2846 | D:4      | Found an ancient bone altar of Kikubaaqudgha.
  2846 | D:4      | Found a radiant altar of Vehumet.
  2859 | D:4      | Reached skill level 1 in Ranged Weapons
  2863 | D:4      | Reached XP level 6. HP: 43/53 MP: 5/5
  2927 | D:4      | Found an ornate altar of the Wu Jian Council.
  2927 | D:4      | Found an iron altar of Okawaru.
  2933 | D:4      | Found a snail-covered altar of Cheibriados.
  2936 | D:4      | Found a shimmering blue altar of Sif Muna.
  2938 | D:4      | Found a bloodstained altar of Trog.
  2943 | D:4      | Found a glowing golden altar of the Shining One.
  3098 | D:4      | Shot with an arrow by a centaur

Illustrated notes

Levels and vault maps discovered:
D:1:      dpeg_arrival_rhombus, layout_basic, serial_shops,
          nicolae_shop_competitors_out_of_business, skrybe_limestone_x,
          amcnicky_mini_corridor_feature
D:2:      layout_basic, ebering_ecumenical_altar_webs, uniq_robin
D:3:      layout_loops_ring, mainiacjoe_overflow_tiny_flanked
D:4:      layout_basic, nicolae_overflow_hallway_of_the_gods,
          gammafunk_temple_overflow_wave

Skill      XL: |  1  2  3  4  5  6 |
---------------+-------------------+-----
Armour         | 4 |  4.7
Shields        | 4 |  4.1
Fighting       | 4 |  4.5
Axes           | 3 4 |  4.2
Throwing       | 1 2 |  2.9
Ranged Weapons | 1 2 |  2.6
Dodging        | |  0.6
Stealth        | |  0.2

Action                     |  1- 3 |  4- 6 || total
---------------------------+-------+-------++-------
  Melee: War axe           |    63 |    17 ||    80
         Headbutt          |     8 |     1 ||     9
   Fire: Triple crossbow   |       |    27 ||    27
  Throw: Dart              |    49 |     5 ||    54
 Armour: Scale mail        |    31 |       ||    31
         Chain mail        |     8 |    54 ||    62
  Dodge: Dodged            |    27 |    23 ||    50
  Block: Buckler           |    15 |     1 ||    16

Table legend: (Time is in decaauts)
 A = Elapsed time spent in this place.
 B = Non-inter-level travel time spent in this place.
 C = Inter-level travel time spent in this place.
 D = Time resting spent in this place.
 E = Time spent auto-exploring this place.
 F = Levels seen in this place.
 G = Mean time per level.
                   A        B        C        D        E       F      G
               +--------+--------+--------+--------+--------+-----+--------+
         Total |   3194 |   3065 |    129 |    400 |   1990 |   4 |  798.5 |
       Dungeon |   3194 |   3065 |    129 |    400 |   1990 |   4 |  798.5 |
               +--------+--------+--------+--------+--------+-----+--------+

Top non-repeatable levels by time:
     D:2: 1153 daAuts
     D:1: 1022 daAuts
     D:3: 662 daAuts
     D:4: 357 daAuts
